 Dungeon Crawl Stone Soup version 0.27.0 (webtiles) character file.

Game seed: 10144221577805859666

191 xormask the Magician (level 6, -7/45 HPs)
             Began as a Djinni Fire Elementalist on July 30, 2021.
             Was a Follower of Cheibriados.
             Mangled by an iguana (11 damage)
             ... on level 3 of the Dungeon.
             The game lasted 00:16:03 (3165 turns).

xormask the Magician (Djinni Fire Elementalist)     Turns: 3165, Time: 00:16:04

Health: -7/45      AC:  2    Str: 10    XL:     6   Next: 1%
Gold:   108        EV: 12    Int: 21    God:    Cheibriados [*.....] SH:  0 Dex: 17

rFire    + + .     SeeInvis .   e - +2 dagger (venom)
rCold    x . .     Faith    .   (no shield)
rNeg     . . .     Spirit   .   a - +0 robe
rPois    ∞         Reflect  .   (no helmet)
rElec    .         Harm     .   (no cloak)
rCorr    .         Rampage  .   (no gloves)
Will     .....                  (boots unavailable)
Stlth    ++........             (no amulet)
HPRegen  0.15/turn              (no ring)
MPRegen  0.00/turn              (no ring)

@: flying, very slow
A: sickness immunity, fire resistance 2, cold vulnerability 1, float, innate
caster, hp casting, extra vitality 1
a: Renounce Religion, Bend Time


You were on level 3 of the Dungeon.
You worshipped Cheibriados.
Cheibriados was aware of your devotion.
You visited 1 branch of the dungeon, and saw 3 of its levels.

You collected 108 gold pieces.

Inventory:

Hand Weapons
 e - a +2 dagger of venom (weapon)
Armour
 a - a +0 robe (worn)
Jewellery
 c - a ring of flight
Scrolls
 b - a scroll of immolation {unknown}
 d - a scroll of teleportation {unknown}
 f - a scroll of amnesia
 g - 6 scrolls of identify {unknown}
 l - a scroll of noise {unknown}
Potions
 i - a potion of lignification {unknown}
 j - a potion of invisibility {unknown}
 k - a potion of cancellation {unknown}


   Skills:
 + Level 2.5 Fighting
 - Level 2.1 Dodging
 - Level 1.5 Stealth
 * Level 3.9 Spellcasting
 * Level 1.7 Invocations


You couldn't memorise any spells.
You knew the following spells:

 Your Spells              Type           Power      Damage    Failure   Level
a - Foxfire               Conj/Fire      80%        2x1d8     2%          1
b - Conjure Flame         Conj/Fire      20%        6-21      7%          3
c - Inner Flame           Hex/Fire       20%        N/A       7%          3
d - Sticky Flame          Conj/Fire      20%        2d4       24%         4
e - Fireball              Conj/Fire      10%        3d6       54%         5
f - Beastly Appendage     Tmut           40%        N/A       2%          1
g - Slow                  Hex            20%        N/A       3%          2
Your spell library was empty.

Dungeon Overview and Level Annotations

Branches:
Dungeon (3/15)

Altars:
Cheibriados

Annotations:
D:2 Sigmund


Innate Abilities, Weirdness & Mutations

You are immune to sickness and miasma.
You are immune to poison.
Your flesh is very heat resistant. (rF++)
You are vulnerable to cold. (rC-)
You float through the air rather than walking.
You learn spells naturally, not from books.
Your magical power is your life essence.
You have superior vitality. (+4 HP)


Message History

Okay, then.
There is an open door here.
The iguana is no longer moving slowly.
The flow of time bends around you.
Cheibriados rebukes the iguana.
The iguana seems to slow down.
Okay, then.
Casting: Foxfire (safe; 2% risk of failure)
Confirm with . or Enter, or press ? or * to list all spells.
You grow a pair of large bovine horns.
* * * LOW HITPOINT WARNING * * *
The iguana completely misses you.
The iguana is no longer moving slowly.
The flow of time bends around you.
Cheibriados rebukes the iguana.
The iguana seems to slow down.
Your transformation is almost over.
The iguana is no longer moving slowly.
The iguana barely misses you. The flow of time bends around you.
Cheibriados rebukes the iguana.
The iguana seems to slow down.
Your horns disappear.
Okay, then.
As you read the scroll labelled KIERPH ZYZXAS, it crumbles to dust.
It is a scroll of amnesia.
You feel forgetful for a moment. The iguana barely misses you.
There is an open door here.
Casting: Beastly Appendage (safe; 2% risk of failure)
Confirm with . or Enter, or press ? or * to list all spells.
Okay, then.
Casting: Beastly Appendage (safe; 2% risk of failure)
Confirm with . or Enter, or press ? or * to list all spells.
Aiming: Slow (safe; 3% risk of failure)
Press: ? - help, Shift-Dir - straight line, f - iguana
Aim: an iguana (heavily wounded, slow, chance to affect: 67%)
The iguana seems to slow down.
* * * LOW HITPOINT WARNING * * *
The iguana bites you!
You die...

...................#####
... ...................#
## ##.............#####
.# #.............# .#
#.............# .#
#.......#..##.# ##
###.###.#..##'#####
######.###.....l.....#
#.............@......#
#.########...........#
###.# #.#'#...#####
.§#.# ######.#.##..#####
#.#.# #................#
gn#.# #.####.#..##.###.#
###)###.######..##.# #.#
.............#..##.# #.#
###.###.##......##.###.#


You could see an iguana (slow).

Vanquished Creatures
  A necrophage (D:3)
  Terence (D:2)
  3 gnolls (D:2)
  A worm (D:2)
  6 ball pythons
  4 endoplasms
  2 giant cockroaches (D:1)
  4 goblins
  4 hobgoblins
  3 jackals (D:3)
  4 kobolds
  A quokka (D:2)
  6 bats
  A frilled lizard (D:2)
  3 rats
44 creatures vanquished.

Vanquished Creatures (others)
  71 foxfires
71 creatures vanquished.

Grand Total: 115 creatures vanquished

Notes
Turn   | Place    | Note
-------+----------+-------------------------------------------
     0 | D:1      | xormask the Djinni Fire Elementalist began the quest for
                  | the Orb.
     0 | D:1      | Reached XP level 1. HP: 15/15 MP: 0/0
   386 | D:1      | Reached XP level 2. HP: 22/22 MP: 0/0
   547 | D:1      | Reached skill level 1 in Fighting
  1013 | D:1      | Found a faded altar of an unknown god.
  1060 | D:1      | Became a worshipper of Cheibriados the Contemplative
  1060 | D:1      | Reached * piety under Cheibriados
  1120 | D:1      | Reached XP level 3. HP: 27/27 MP: 0/0
  1120 | D:1      | Learned a level 1 spell: Beastly Appendage
  1228 | D:2      | Noticed Terence
  1238 | D:2      | Killed Terence
  1239 | D:2      | Reached skill level 3 in Spellcasting
  1404 | D:2      | Reached XP level 4. HP: 30/32 MP: 0/0
  1988 | D:2      | Noticed Sigmund
  2025 | D:2      | You are sucked into a shaft and drop 1 floor!
  2699 | D:3      | Reached XP level 5. HP: 32/38 MP: 0/0
  2699 | D:3      | Learned a level 2 spell: Slow
  2860 | D:3      | Noticed a necrophage
  2930 | D:3      | Killed a necrophage
  2931 | D:3      | Reached skill level 1 in Invocations
  2931 | D:3      | Reached XP level 6. HP: 30/45 MP: 0/0
  3165 | D:3      | Mangled by an iguana

Illustrated notes

Levels and vault maps discovered:
D:1:      shiori_arrival_oz, layout_loops_ring,
          hellmonk_ecumenical_altar_heavens_door
D:2:      layout_loops_ring, uniq_terence, uniq_sigmund
D:3:      layout_basic, eat_drink_and_be_merry_uskayaw,
          nicolae_ru_path_of_blood, uniq_jessica

Skill      XL: |  1  2  3  4  5 |
---------------+----------------+-----
Fighting       | 1 2 |  2.5
Spellcasting   | 3 |  3.9
Invocations    | 1 |  1.7
Dodging        | |  2.1
Stealth        | |  1.5

Action                   |  1- 3 |  4- 6 || total
-------------------------+-------+-------++-------
Melee: Dagger            |    30 |    38 ||    68
       Unarmed           |     1 |       ||     1
       Headbutt          |       |     2 ||     2
 Cast: Foxfire           |    22 |    50 ||    72
       Beastly Appendage |       |     4 ||     4
       Slow              |       |     1 ||     1
Invok: Bend Time         |       |    10 ||    10
  Use: Potion            |       |     2 ||     2
       Scroll            |       |     1 ||     1
 Stab: Sleeping          |     3 |     2 ||     5
Armor: Robe              |     7 |    18 ||    25
Dodge: Dodged            |    20 |    70 ||    90
